 Dungeon Crawl Stone Soup version 0.28-b1-25-g9875b3fc8c (webtiles) character file.

Game seed: 4263713843400304722

16326 mopl the Purifying Troll (level 12, -1/105 HPs)
             Began as a Troll Monk on Feb 5, 2022.
             Was a High Priest of Elyvilon.
             Slain by a hell knight (21 damage)
             ... in a volcano.
             The game lasted 00:19:55 (10253 turns).

mopl the Purifying Troll (Troll Monk)              Turns: 10253, Time: 00:19:55

Health: -1/105     AC:  5    Str: 22    XL:     12   Next: 9%
Magic:  15/19      EV: 14    Int:  2    God:    Elyvilon [*****.]
Gold:   463        SH: 10    Dex: 18    Spells: 11/11 levels left

rFire   . . .      SeeInvis +     - Unarmed
rCold   + + +      Faith    .   x - +0 kite shield
rNeg    + . .      Spirit   .   y - +1 robe of Ogesubli {rPois rC+++ Dex+2 Stlth-}
rPois   +          Reflect  .   (helmet restricted)
rElec   .          Harm     .   (no cloak)
rCorr   .          Rampage  .   (gloves unavailable)
Will    +++..      Clarity  +   (boots unavailable)
Stlth   +.........              Z - amulet of the Four Winds {rN+ Will+++ Clar}
HPRegen 1.07/turn               a - ring of see invisible
MPRegen 0.16/turn               l - ring of Lyrghisyrph {Drain EV+4 Int-4 Slay+4 SInv}

@: no status effects
A: large, unfitting armour, claws 3, regeneration 1, shaggy fur 1, tough skin 1
a: Renounce Religion, Purification, Heal Other, Heal Self, Divine Vigour


You were in a volcano.
You worshipped Elyvilon.
Elyvilon was extremely pleased with you.
You visited 2 branches of the dungeon, and saw 12 of its levels.
You also visited: Sewer and Volcano.

You collected 989 gold pieces.
You spent 526 gold pieces at shops.

Inventory:

Hand Weapons
 w - a +2 trident of venom
 U - a +0 scimitar of flaming
Missiles
 h - 305 stones
 i - 34 poisoned darts (quivered)
 s - 11 boomerangs
 J - 4 javelins
 P - 4 throwing nets
 S - 13 large rocks
Armour
 x - a +0 kite shield (worn)
 y - the +1 robe of Ogesubli (worn) {rPois rC+++ Dex+2 Stlth-}
   (You found it on level 4 of the Dungeon)

   Dex:       It affects your dexterity (+2).
   rC:        It renders you almost immune to cold.
   rPois:     It protects you from poison.
   Stlth:     It makes you less stealthy.
 R - +0 swamp dragon scales
Jewellery
 a - a ring of see invisible (left claw)
 l - the ring of Lyrghisyrph (right claw) {Drain EV+4 Int-4 Slay+4 SInv}
   (You found it on level 7 of the Dungeon)

   [ring of evasion]

   EV:        It affects your evasion (+4).
   Int:       It affects your intelligence (-4).
   Slay:      It affects your accuracy & damage with ranged weapons and melee
   (+4).
   SInv:      It lets you see invisible.
   Drain:     It drains your maximum health when unequipped.
 Z - the amulet of the Four Winds (around neck) {rN+ Will+++ Clar}
   (You bought it in a shop on level 9 of the Dungeon)

   [amulet of nothing]

   rN:        It protects you from negative energy.
   Clar:      It protects you against confusion.
   Will:      It greatly increases your willpower.
Wands
 b - a wand of flame (4)
 j - a wand of polymorph (5)
 z - a wand of acid (3)
 N - a wand of digging (3)
 W - a wand of iceblast (3)
Scrolls
 d - 3 scrolls of blinking {unknown}
 f - 3 scrolls of fog {unknown}
 g - a scroll of amnesia {unknown}
 k - 3 scrolls of fear {unknown}
 m - a scroll of torment {unknown}
 o - 3 scrolls of magic mapping
 q - 6 scrolls of vulnerability {unknown}
 t - a scroll of holy word {unknown}
 u - 2 scrolls of noise {unknown}
 v - 2 scrolls of silence {unknown}
 C - 5 scrolls of teleportation {unknown}
 G - 2 scrolls of enchant armour {unknown}
 O - a scroll of acquirement {unknown}
Potions
 c - 2 potions of lignification {!q}
 e - 3 potions of might
 n - 4 potions of flight
 A - 5 potions of haste
 D - a potion of invisibility
 E - 2 potions of curing
 F - 2 potions of resistance
 I - a potion of cancellation
 K - 2 potions of magic
 M - 3 potions of heal wounds
 Q - 2 potions of ambrosia


   Skills:
 + Level 3.1 Fighting
 + Level 6.4 Throwing
 + Level 1.5 Armour
 + Level 3.1 Dodging
 - Level 1.0 Stealth
 + Level 6.8 Shields
 * Level 10.4 Unarmed Combat
 * Level 11.8 Invocations


You had 11 spell levels left.
You didn't know any spells.
Your spell library contained the following spells:

 Spells                   Type           Power      Damage    Failure   Level
 Corpse Rot               Necr/Air       0%         N/A       90%         2
 Poisonous Vapours        Pois/Air       0%         N/A       90%         2
 Sublimation of Blood     Necr           0%         N/A       90%         2
 Wereblood                Tmut           0%         N/A       90%         2
 Summon Hydra             Summ           0%         N/A       100%        7


Dungeon Overview and Level Annotations

Branches:
Dungeon (11/15)            Temple (0/1) D:7            Lair (1/6) D:10
    Orc (0/2) D:11          Sewer (visited)         Volcano (1/1)

Altars:
Dithmenos
Elyvilon
Hepliaklqana
Kikubaaqudgha
Uskayaw
Vehumet
Zin
Beogh

Shops:
D:9 =


Innate Abilities, Weirdness & Mutations

You are too large for most types of armour.
You have claws for hands.
Your natural rate of healing is unusually fast.
You are covered in fur. (AC +1)
You have tough skin. (AC +1)


Message History

The hell knight hits you with a +0 demon trident!!
You scratch the hell knight.
The hell knight is moderately wounded.
The hell knight hits you with a +0 demon trident!!
You are too injured to fight recklessly!
You are too injured to fight recklessly!
You scratch the hell knight.
The hell knight is moderately wounded.
The hell knight hits you with a +0 demon trident!!
* * * LOW HITPOINT WARNING * * *
You block the hell knight's attack.
You are healed.
The hell knight closely misses you.
You are healed.
You block the hell knight's attack. The hell knight misses you.
Aiming: Polymorph
Press: ? - help, Shift-Dir - straight line, f/p - hell knight
Aim: a hell knight, wielding a +0 demon trident and wearing a +0 plate armour (moderately wounded, fast, will become a floating eye, a two-headed ogre, or a swamp worm, chance to affect: 31%)
Okay, then.
Unknown command.
You closely miss the hell knight.
The hell knight is moderately wounded.
You block the hell knight's attack.
You claw the hell knight!
The hell knight is heavily wounded.
The hell knight hits you but does no damage.
You block the hell knight's attack.
You scratch the hell knight.
The hell knight is heavily wounded.
You block the hell knight's attack.
You scratch the hell knight.
The hell knight is heavily wounded.
You block the hell knight's attack.
You mangle the hell knight!!
The hell knight is severely wounded.
The hell knight hits you with a +0 demon trident!! x2
* * * LOW HITPOINT WARNING * * *
Unknown command.
You scratch the hell knight but do no damage.
The hell knight is severely wounded.
The hell knight hits you with a +0 demon trident!!
You die...

#......').....####..≈ ≈≈≈
#8.....'.8...8#..'.#≈≈≈≈≈
##.8..8##..####..'..R○≈≈§
########..# #..#☼.#≈☼≈≈
#..####).##..# ≈
#..##.)).# #.# #..####..#
#.# #..####p.# .9#
#†.##.@..# .# #..####..#
. #..# #..# #..####..#
#........# #........#
#≈≈####### #≈≈# ####


You could see a hell knight (fast).

Vanquished Creatures
  Harold (D:7)
  3 two-headed ogres
  Erica (D:9)
  3 cyclopes
  2 molten gargoyles (Volcano)
  Maggie (D:10)
  A gargoyle (Volcano)
  Psyche (D:9)
  A komodo dragon (Lair:1)
  An efreet (Volcano)
  A troll (D:11)
  Grinder (D:3)
  Prince Ribbit (D:6)
  A shadow (D:9)
  A wraith (D:9)
  2 wyverns (D:9)
  A vampire (D:10)
  4 water elementals (D:10)
  Sigmund (D:6)
  Grum (D:9)
  5 steam dragons
  3 vampire mosquitoes
  Edmund (D:6)
  2 acid dragons
  Duvessa (D:7)
  2 water moccasins (D:7)
  4 sky beasts
  7 orc warriors
  A black bear (Lair:1)
  2 ice beasts (D:7)
  A necrophage (D:7)
  A centaur (D:7)
  3 ogres
  2 phantoms
  Blork the orc (D:4)
  2 kobold brigands
  4 gnoll sergeants (D:9)
  3 scorpions
  4 bullfrogs
  2 wyvern zombies
  A wyvern skeleton (D:6)
  Dowan (D:7)
  An electric eel (D:7)
  A bullfrog zombie (D:7)
  7 howler monkeys
  5 centaur zombies
  2 quasits (Sewer)
  2 jellies
  6 orc priests
  2 bullfrog skeletons
  4 gnoll shamans
  11 hounds
  5 orc wizards
  2 iguanas
  A killer bee zombie (D:7)
  Robin (D:2)
  21 gnolls
  2 howler monkey zombies
  9 adders
  A river rat (D:4)
  2 shadow imps (Sewer)
  A white imp (D:7)
  4 ufetubi
  An adder skeleton (D:4)
  5 worms
  3 dart slugs
  45 orcs
  9 ball pythons
  6 bats
  An endoplasm (D:2)
  4 giant cockroaches
  13 goblins
  6 hobgoblins
  9 jackals
  A frilled lizard (D:2)
  23 kobolds
  9 rats
307 creatures vanquished.

Vanquished Creatures (others)
  13 plants
13 creatures vanquished.

Grand Total: 320 creatures vanquished

Notes
Turn   | Place    | Note
-------+----------+-------------------------------------------
     0 | D:1      | mopl the Troll Monk began the quest for the Orb.
     0 | D:1      | Reached XP level 1. HP: 22/22 MP: 0/0
   178 | D:1      | Reached XP level 2. HP: 29/29 MP: 1/1
   358 | D:1      | Reached skill level 4 in Unarmed Combat
   573 | D:1      | Reached XP level 3. HP: 34/36 MP: 2/2
   596 | D:1      | Found a faded altar of an unknown god.
   606 | D:1      | Prayed at the altar of an unknown god.
   606 | D:1      | Became a worshipper of Elyvilon the Healer
   606 | D:1      | Reached * piety under Elyvilon
   606 | D:1      | Reached ** piety under Elyvilon
   785 | D:2      | Noticed Robin
   807 | D:2      | Killed Robin
   808 | D:2      | Reached skill level 1 in Invocations
   932 | D:2      | Reached *** piety under Elyvilon
  1015 | D:2      | Reached XP level 4. HP: 44/44 MP: 2/4
  1732 | D:3      | Reached skill level 2 in Invocations
  1944 | D:3      | Noticed Grinder
  1953 | D:3      | HP: 1/44 [Grinder (2)]
  1956 | D:3      | Killed Grinder
  1957 | D:3      | Reached skill level 5 in Unarmed Combat
  1957 | D:3      | Reached skill level 3 in Invocations
  1957 | D:3      | Reached XP level 5. HP: 25/50 MP: 0/6
  1957 | D:3      | Reached XP level 6. HP: 29/59 MP: 0/7
  2122 | D:3      | Reached skill level 4 in Invocations
  2140 | D:3      | Reached **** piety under Elyvilon
  2246 | D:4      | Identified the +1 robe of Ogesubli {rPois rC+++ Dex+2
                  | Stlth-}
  2317 | D:4      | Reached XP level 7. HP: 64/66 MP: 9/9
  2343 | D:4      | Reached skill level 5 in Invocations
  2346 | D:4      | Reached skill level 1 in Shields
  2356 | D:4      | Found a glowing drain.
  2373 | Sewer    | Entered a sewer
  2471 | Sewer    | Reached skill level 6 in Unarmed Combat
  2487 | Sewer    | Found a burning altar of Makhleb.
  2819 | D:4      | Identified the +5 dagger "Duotut" {freeze, Stlth+}
  2875 | D:4      | Noticed Blork the orc
  2883 | D:4      | Killed Blork the orc
  3070 | D:5      | Entered Level 5 of the Dungeon
  3168 | D:5      | Reached skill level 2 in Shields
  3168 | D:5      | Reached skill level 6 in Invocations
  3168 | D:5      | Reached XP level 8. HP: 74/74 MP: 11/11
  3182 | D:5      | Reached ***** piety under Elyvilon
  3414 | D:5      | Found a glowing silver altar of Zin.
  3959 | D:6      | Reached skill level 3 in Shields
  3959 | D:6      | Reached skill level 7 in Unarmed Combat
  3959 | D:6      | Reached skill level 7 in Invocations
  3987 | D:6      | Found a hide-covered altar of Uskayaw.
  4087 | D:6      | Noticed Sigmund
  4106 | D:6      | Killed Sigmund
  4148 | D:6      | Noticed a two-headed ogre
  4148 | D:6      | Noticed Prince Ribbit
  4194 | D:6      | Elyvilon protects you from harm!
  4195 | D:6      | Killed a two-headed ogre
  4196 | D:6      | Reached skill level 1 in Throwing
  4196 | D:6      | Reached XP level 9. HP: 33/80 MP: 13/13
  4229 | D:6      | Killed Prince Ribbit
  4230 | D:6      | Reached skill level 2 in Throwing
  4230 | D:6      | Reached skill level 8 in Invocations
  4317 | D:6      | Noticed Edmund
  4331 | D:6      | Killed Edmund
  4332 | D:6      | Reached skill level 4 in Shields
  5125 | D:7      | Reached skill level 3 in Throwing
  5125 | D:7      | Reached skill level 8 in Unarmed Combat
  5261 | D:7      | Identified the ring of Lyrghisyrph {Drain EV+4 Int-4 Slay+4
                  | SInv}
  5340 | D:7      | Noticed Duvessa
  5340 | D:7      | Noticed Dowan
  5349 | D:7      | Killed Duvessa
  5350 | D:7      | Reached skill level 9 in Invocations
  5355 | D:7      | Killed Dowan
  5543 | D:7      | Reached XP level 10. HP: 55/88 MP: 15/15
  5731 | D:7      | Noticed Harold
  5745 | D:7      | Killed Harold
  5892 | D:7      | Found a staircase to the Ecumenical Temple.
  5940 | D:7      | Reached ****** piety under Elyvilon
  6180 | D:8      | Reached skill level 5 in Shields
  6232 | D:8      | Reached skill level 4 in Throwing
  6516 | D:8      | Found an ancient bone altar of Kikubaaqudgha.
  6516 | D:8      | Found a radiant altar of Vehumet.
  6545 | D:8      | Found a shadowy altar of Dithmenos.
  7019 | D:9      | Reached skill level 10 in Invocations
  7170 | D:9      | Noticed Erica
  7189 | D:9      | Killed Erica
  7190 | D:9      | Reached skill level 9 in Unarmed Combat
  7331 | D:9      | Reached skill level 5 in Throwing
  7455 | D:9      | Noticed a two-headed ogre
  7464 | D:9      | Killed a two-headed ogre
  7465 | D:9      | Reached XP level 11. HP: 31/94 MP: 17/17
  7523 | D:9      | Noticed Grum
  7535 | D:9      | Killed Grum
  7598 | D:9      | Found Enysor's Jewellery Shoppe.
  7604 | D:9      | Bought the amulet of the Four Winds {rN+ Will+++ Clar} for
                  | 526 gold pieces
  7604 | D:9      | Found the amulet of the Four Winds {rN+ Will+++ Clar}
  8034 | D:10     | Entered Level 10 of the Dungeon
  8047 | D:9      | Reached skill level 6 in Shields
  8288 | D:10     | Noticed Psyche
  8302 | D:9      | Killed Psyche
  8345 | D:9      | Reached skill level 11 in Invocations
  8356 | D:10     | Noticed Maggie
  8373 | D:10     | Killed Maggie
  8434 | D:10     | Found a hazy altar of Hepliaklqana.
  8593 | D:10     | Found a staircase to the Lair.
  8870 | D:11     | Noticed a seven-headed hydra
  8871 | D:11     | Pacified a seven-headed hydra
  8872 | D:11     | Reached skill level 6 in Throwing
  9369 | D:11     | Found a staircase to the Orcish Mines.
  9642 | D:11     | Reached skill level 10 in Unarmed Combat
  9697 | D:11     | Noticed a two-headed ogre
  9726 | D:11     | Killed a two-headed ogre
  9948 | Lair:1   | Entered Level 1 of the Lair of Beasts
  9987 | Lair:1   | Reached skill level 1 in Armour
 10018 | Lair:1   | Found a dark tunnel.
 10026 | Volcano  | Entered a volcano
 10107 | Volcano  | Noticed a deep elf pyromancer
 10108 | Volcano  | Pacified a deep elf pyromancer
 10109 | Volcano  | Reached skill level 3 in Fighting
 10109 | Volcano  | Reached skill level 3 in Dodging
 10109 | Volcano  | Reached XP level 12. HP: 105/105 MP: 16/19
 10129 | Volcano  | HP: 9/189 [molten gargoyle/bolt of magma (13)]
 10130 | Volcano  | Elyvilon protects you from harm!
 10141 | Volcano  | HP: 6/189 [molten gargoyle (12)]
 10141 | Volcano  | Elyvilon protects you from harm!
 10253 | Volcano  | Slain by a hell knight

Illustrated notes

Levels and vault maps discovered:
D:1:      giann_horns, layout_basic, chequers_ecumenical_altar_simple
D:2:      layout_basic, uniq_robin
D:3:      layout_basic, uniq_grinder
D:4:      minmay_spotlight, layout_basic, portal_sewer_entry_c,
          uniq_blork_the_orc
D:5:      layout_gridville, zin_academy, serial_bayou, serial_bayou_shore_a,
          serial_bayou_crossing, serial_bayou_shore_b, serial_bayou_lake_a
D:6:      layout_layer_cave, nicolae_uskayaw_suspiria, uniq_prince_ribbit1,
          uniq_edmund, uniq_sigmund
D:7:      layout_basic, minmay_temple_entry_enclosed_plants, serial_bayou,
          serial_bayou_shore_b, serial_bayou_pond_c, serial_bayou_pond_b,
          serial_bayou_pond_b, chequers_serial_rivers_micro_e, uniq_harold,
          uniq_duvessa
D:8:      layout_loops_ring, gammafunk_temple_overflow_wave,
          grunt_dithmenos_shadows
D:9:      layout_cave_pools, serial_gnoll_camp, gnoll_camp_huts_basic,
          gnoll_camp_mini_shop, grums_kennel, gnoll_camp_mini_loothouse,
          gnoll_camp_medium_01, gnoll_camp_mini_hut,
          minmay_misc_feat_more_columns, hangedman_misty_isle, uniq_erica
D:10:     layout_long_grid, pf_just_have_faith, lair_entry_dummy,
          nicolae_underground_beach, uniq_maggie, uniq_psyche
D:11:     layout_loops_corners, david_orc_5
Lair:1:   layout_long_grid, lightli_volcano_entry_magma_tube, basic_altar,
          grunt_megastairs_5, infiniplex_staircase_pool_2, serial_bayou_shore_b
Volcano:  hellmonk_zot_springs

Skill      XL: |  1  2  3  4  5  6  7  8  9 10 11 |
---------------+----------------------------------+-----
Unarmed Combat | 4 5 6 7 8 9 10 | 10.4
Invocations    | 1 3 4 6 7 9 10 11 | 11.8
Shields        | 2 3 4 5 6 |  6.8
Throwing       | 1 3 5 6 |  6.4
Armour         | 1 |  1.5
Fighting       | 3 |  3.1
Dodging        | 3 |  3.1
Stealth        | |  1.0

Action                   |  1- 3 |  4- 6 |  7- 9 | 10-12 || total
-------------------------+-------+-------+-------+-------++-------
Melee: Unarmed           |    80 |   104 |   365 |   463 ||  1012
       Punch             |       |     1 |       |       ||     1
Throw: Dart              |       |       |    15 |    16 ||    31
Invok: Heal Other        |     1 |     2 |       |     5 ||     8
       Heal Self         |       |     2 |     1 |     4 ||     7
       Divine Vigour     |       |       |       |     1 ||     1
  Use: Scroll            |       |       |     7 |     9 ||    16
       Potion            |       |       |       |     2 ||     2
 Stab: Sleeping          |     1 |     1 |       |       ||     2
Armor: Robe              |    26 |    23 |    99 |    49 ||   197
       Skin              |     2 |       |       |       ||     2
Dodge: Dodged            |    35 |    41 |   149 |   202 ||   427
Block: Kite shield       |       |     1 |   170 |   240 ||   411
